AoeStats
← SnowyOwlNugg

MegaRandom

505251816Analyzed
2v2 RM · 25d ago on Sep 8, 2026· 43m 2s· 4 players
Game mode
Random Map
Map size
Medium (4 player)
Population
200
Speed
Normal
Resources
Standard
Victory
Conquest
Starting age
Dark Age
Ending age
Imperial Age
RankedLock teamsTeams togetherTeam positionsShared explorationLock speedFull tech treeHidden civsTurbo modeCheats
Victory
Defeat
🇮🇳 Gurjaras · India
1076
+16
🇮🇹 Vikings · Italy
1013
+18
🇫🇷 Mongols · France
1070
-17
🇺🇸 Huns · United States
1055
-49
Val
6:19 Loom
9:49 Feudal Age
14:38 Horse Collar
14:45 Double-Bit Axe
20:51 Castle Age
20:11 Fletching
20:42 Padded Archer Armor
20:46 Town Watch
21:39 Wheelbarrow
21:00 Gold Mining
23:30 Bodkin Arrow
23:40 Husbandry
25:19 Bloodlines
26:44 Leather Archer Armor
28:42 Elite Skirmisher
35:19 Forging
35:15 Scale Barding Armor
37:14 Iron Casting
42:17 Imperial Age
40:10 Ballistics
40:55 Bow Saw
SnowyOwlNugg
12:09 Feudal Age
13:41 Wheelbarrow
12:52 Double-Bit Axe
15:23 Horse Collar
15:44 Gold Mining
24:50 Castle Age
23:44 Scale Mail Armor
23:56 Forging
30:44 Gold Mining
30:44 Stone Mining
31:50 Hand Cart
34:50 Gold Shaft Mining
34:35 Pikeman
35:15 Squires
35:01 Arson
35:52 Padded Archer Armor
35:43 Fletching
35:55 Loom
36:00 Town Watch
38:13 Iron Casting
37:53 Chain Mail Armor
Salty Ballz
0:34 Loom
11:08 Feudal Age
11:54 Double-Bit Axe
15:10 Fletching
20:13 Castle Age
18:24 Gold Mining
19:16 Horse Collar
20:55 Crossbowman
22:00 Bow Saw
24:11 Town Watch
25:04 Stone Mining
26:01 Ballistics
25:44 Bodkin Arrow
25:50 Padded Archer Armor
31:30 Gold Shaft Mining
30:56 Treadmill Crane
31:59 Squires
31:45 Arson
35:12 Imperial Age
33:44 Heavy Plow
35:38 Masonry
35:41 Scale Mail Armor
35:53 Forging
35:59 Chieftains
36:09 Pikeman
39:17 Crop Rotation
38:32 Capped Ram
39:38 Chain Mail Armor
40:53 Plate Mail Armor
41:17 Conscription
bigil
7:40 Loom
12:49 Feudal Age
13:22 Double-Bit Axe
14:14 Horse Collar
21:21 Wheelbarrow
23:11 Castle Age
21:21 Fletching
21:32 Padded Archer Armor
23:16 Wheelbarrow
24:53 Gold Mining
27:43 Bodkin Arrow
29:40 Leather Archer Armor
33:17 Hand Cart
34:17 Stone Mining
36:44 Bloodlines
36:35 Husbandry
37:59 Scale Barding Armor
38:05 Forging
41:23 Imperial Age
38:40 Town Watch
39:28 Chain Barding Armor
43:11 Ballistics
Connection lost

Rejoining the realm…

Still unreachable

The connection could not be restored.

Session expired

The server has moved on; the page needs a fresh start.